AoeStats
← ITZ | AutocavS

Arabia

509701581Analyzed
1v1 RM · 6d ago on Sep 27, 2026· 39m 59s· 2 players
Game mode
Random Map
Map size
Tiny (2 player)
Population
200
Speed
Normal
Resources
Standard
Victory
Conquest
Starting age
Dark Age
Ending age
Imperial Age
RankedLock teamsTeams togetherTeam positionsShared explorationLock speedFull tech treeHidden civsTurbo modeCheats
Victory
Defeat
🇦🇷 Magyars · Argentina
1446
+15
🇺🇸 Danes · United States
1421
-15
Les Boyageur
6:03 Loom
9:45 Feudal Age
9:48 Man-at-Arms
12:28 Double-Bit Axe
14:42 Arson
15:28 Horse Collar
15:58 Double-Bit Axe
16:04 Town Watch
17:52 Fletching
19:43 Scale Mail Armor
20:06 Forging
23:31 Castle Age
23:53 Gold Mining
23:54 Stone Mining
30:50 Wheelbarrow
30:43 Squires
30:04 Long Swordsman
30:29 Gambesons
33:30 Wheelbarrow
36:07 Town Patrol
ITZ | AutocavS
6:12 Loom
9:05 Feudal Age
10:03 Double-Bit Axe
10:45 Horse Collar
20:19 Castle Age
18:26 Gold Mining
19:26 Bloodlines
19:31 Fletching
20:18 Padded Archer Armor
21:38 Bodkin Arrow
25:09 Leather Archer Armor
30:10 Ballistics
30:46 Husbandry
31:10 Thumb Ring
33:10 Bow Saw
39:03 Imperial Age
37:40 Wheelbarrow
36:51 Town Watch
37:13 Stone Mining
38:06 Gold Shaft Mining
39:08 Heavy Cavalry Archer
40:40 Parthian Tactics
40:23 Bracer
Connection lost

Rejoining the realm…

Still unreachable

The connection could not be restored.

Session expired

The server has moved on; the page needs a fresh start.